Canadiens vs MapleLeafs

Created - December 9 2010 at 18:08

Goals
1 2 3 OT1 SO T
Canadiens 1 0 1 0 0 2
MapleLeafs 0 0 2 0 1 3
Shots
1 2 3 OT1 SO T
Canadiens 13 5 8 1 6 27
MapleLeafs 12 9 4 4 6 29

Period #1

1. Canadiens , Rick Nash 17 (Brent Seabrook, Tim Gleason) at 17:06 (PP)

Penalties :
Vincent Lecavalier (TOR) for Interference (Minor) at 0:04, Shawn Horcoff (MTL) for Hooking (Minor) at 7:09, John Erskine (MTL) for Holding (Minor) at 9:34, R.J. Umberger (MTL) for Hooking (Minor) at 14:04, Vernon Fiddler (TOR) for Roughing (Minor) at 16:31, Ed Jovanovski (MTL) for Slashing (Minor) at 16:53, Marian Hossa (TOR) for High sticking (Minor) at 16:58

Period #2

No Goal

Penalties :
Patrick Marleau (TOR) for Hooking (Minor) at 1:13, Tomas Plekanec (MTL) for Tripping (Minor) at 1:13, Tim Gleason (MTL) for Boarding (Minor) at 3:25, John Erskine (MTL) for Goalie Interference (Minor) at 7:49

Period #3

2. Canadiens , Rick Nash 18 (Ilya Kovalchuk, Tim Gleason) at 0:43 (PP)
3. MapleLeafs , Dan Hamhuis 7 (Vincent Lecavalier, Patrick Marleau) at 13:06
4. MapleLeafs , Patrick Marleau 24 (Drew Doughty, Vincent Lecavalier) at 16:48 (PP)

Penalties :
Dan Hamhuis (TOR) for Roughing (Minor) at 0:20, Matt Greene (TOR) for Roughing (Minor) at 2:12, Joffrey Lupul (TOR) for Goalie Interference (Minor) at 4:56, Maxime Talbot (MTL) for Holding (Minor) at 14:08, Toni Lydman (MTL) for Holding Stick (Minor) at 16:32

Overtime #1

No Goal

Penalties :
Patrick Marleau (TOR) for Fighting (Major) at 4:19, John Erskine (MTL) for Fighting (Major) at 4:19

Shootout

Penalty Shot by Rick Nash for Canadiens - Shot Misses the Net
Penalty Shot by Vincent Lecavalier for MapleLeafs - Stopped by Jaroslav Halak
Penalty Shot by Ilya Kovalchuk for Canadiens - Stopped by Marty Turco
Penalty Shot by Patrick Marleau for MapleLeafs - Stopped by Jaroslav Halak
Penalty Shot by Patrick Kane for Canadiens - Stopped by Marty Turco
Penalty Shot by Sam Gagner for MapleLeafs - Shot Misses the Net
Penalty Shot by Tomas Plekanec for Canadiens - Stopped by Marty Turco
Penalty Shot by Drew Doughty for MapleLeafs - Stopped by Jaroslav Halak
Penalty Shot by Martin Havlat for Canadiens - Stopped by Marty Turco
Penalty Shot by Marian Hossa for MapleLeafs - Stopped by Jaroslav Halak
Penalty Shot by Patrick Sharp for Canadiens - Stopped by Marty Turco
Penalty Shot by Jason Arnott for MapleLeafs - Goal!

Penalties :
No Penalty

Goalie Stats

Jaroslav Halak (MTL), 27 saves from 29 shots - (0.931), OTL, 10-11-3, 65:00 minutes
Marty Turco (TOR), 25 saves from 27 shots - (0.926), W, 20-5-6, 65:00 minutes

Players Stats

Canadiens
Player Name              G  A  P  +/- PIM S  H  SB FO    MP 
------------------------------------------------------------
Brent Seabrook           0  1  1  -1  0   2  0  3  0/0   25 
Ed Jovanovski            0  0  0  -1  2   1  0  1  0/0   16 
Francis Bouillon         0  0  0   0  0   0  1  0  0/0   12 
Ilya Kovalchuk           0  1  1  -1  0   7  0  0  1/3   23 
Jeff Taffe               0  0  0   0  0   0  0  0  0/0   2  
Jesse Joensuu            0  0  0   0  0   0  0  0  0/0   1  
John Erskine             0  0  0   0  9   0  3  0  0/0   17 
Martin Havlat            0  0  0   0  0   3  1  0  0/1   19 
Maxime Talbot            0  0  0   0  2   0  0  0  0/0   9  
Patrick Kane             0  0  0   0  0   1  0  0  0/0   19 
Patrick Sharp            0  0  0   0  0   0  1  0  0/1   20 
R.J. Umberger            0  0  0   0  2   2  2  0  7/17  21 
Rick Nash                2  0  2  -1  0   6  4  0  5/16  25 
Shawn Horcoff            0  0  0   0  2   2  1  0  7/15  13 
Tim Gleason              0  2  2   0  2   1  0  0  0/0   21 
Tom Gilbert              0  0  0   0  0   0  0  0  0/0   13 
Tomas Plekanec           0  0  0  -1  2   1  0  0  17/30 25 
Toni Lydman              0  0  0   0  2   1  1  0  0/0   24 
MapleLeafs
Player Name              G  A  P  +/- PIM S  H  SB FO    MP 
------------------------------------------------------------
Andreas Lilja            0  0  0   0  0   0  0  0  0/0   1  
Dan Hamhuis              1  0  1   1  2   2  1  0  0/0   21 
Drew Doughty             0  1  1   1  0   0  1  1  0/0   26 
Jason Arnott             0  0  0   0  0   4  2  0  12/22 20 
Joffrey Lupul            0  0  0   0  2   5  1  0  0/0   19 
Jordin Tootoo            0  0  0   0  0   3  2  0  0/1   18 
Keith Tkachuk            0  0  0   0  0   0  2  0  1/1   11 
Kyle Cumiskey            0  0  0   0  0   1  0  0  0/0   21 
Luke Schenn              0  0  0   0  0   1  0  0  0/0   23 
Marian Hossa             0  0  0   1  2   1  2  0  0/0   20 
Matt Greene              0  0  0   0  2   0  5  0  0/0   16 
Mike Grier               0  0  0   0  0   0  0  0  1/1   7  
Mike Modano              0  0  0   0  0   0  0  0  8/11  13 
Patrick Marleau          1  1  2   1  7   6  0  0  3/6   24 
Radek Martinek           0  0  0   0  0   0  1  1  0/0   22 
Sam Gagner               0  0  0   0  0   2  1  0  2/3   16 
Vernon Fiddler           0  0  0   0  2   1  1  1  4/9   8  
Vincent Lecavalier       0  2  2   1  2   3  1  0  15/29 24 

3 Stars

1 - Rick Nash (MTL)
2 - Dan Hamhuis (TOR)
3 - Vincent Lecavalier (TOR)

Power Play

Canadiens - 2 on 6 Attempt(s) - 33.33%
MapleLeafs - 1 on 8 Attempt(s) - 12.50%

Penalty Kill

Canadiens - 7 on 8 Attempt(s) - 87.50% - Score 0 goal in Penalty Kill
MapleLeafs - 4 on 6 Attempt(s) - 66.67% - Score 0 goal in Penalty Kill

Game Notes

John Erskine beats up Patrick Marleau at 4:19 of 1st overtime period

Finance

Level 1 -- Attendance: 6110 (94.00%) -- Ticket Income $501,020.00
Level 2 -- Attendance: 5000 (100.00%) -- Ticket Income $210,000.00
Level 3 -- Attendance: 3316 (94.74%) -- Ticket Income $96,164.00
Level 4 -- Attendance: 2674 (94.86%) -- Ticket Income $37,436.00
Luxury Box -- Attendance: 983 (98.30%) -- Ticket Income $186,770.00
Game was played at the Air Canada Center
Total Attendance: 18083 (96.09%)
Total Ticket Income: $1,129,413.00
Other Income: $188,572.80
Total Income: $1,317,986.00


Play by Play

Period #1

0:01 of 1st period - Vincent Lecavalier wins face-off versus Tomas Plekanec in neutral zone.
0:04 of 1st period - Minor Penalty to Vincent Lecavalier for Interference.
0:05 of 1st period - Vernon Fiddler wins face-off versus R.J. Umberger in MapleLeafs zone.
0:16 of 1st period - Shot by Tim Gleason.
0:16 of 1st period - Shot Misses the Net.
0:18 of 1st period - Shot by Tim Gleason.
0:18 of 1st period - Shot Misses the Net.
0:20 of 1st period - Shot by Toni Lydman.
0:20 of 1st period - Shot Blocked by Drew Doughty.
0:22 of 1st period - Shot by Toni Lydman.
0:22 of 1st period - Stopped by Marty Turco without a rebound.
0:23 of 1st period - Tomas Plekanec wins face-off versus Vernon Fiddler in MapleLeafs zone.
0:34 of 1st period - Shot by Tomas Plekanec.
0:34 of 1st period - Stopped by Marty Turco without a rebound.
0:35 of 1st period - Mike Grier wins face-off versus R.J. Umberger in MapleLeafs zone.
0:35 of 1st period - Mike Grier is hit by Rick Nash.
0:57 of 1st period - R.J. Umberger is hit by Radek Martinek and loses puck.
1:00 of 1st period - Shot by Tim Gleason.
1:00 of 1st period - Shot Blocked by Vernon Fiddler.
1:02 of 1st period - Shot by R.J. Umberger.
1:02 of 1st period - Deflect By Rick Nash.
1:02 of 1st period - Shot Blocked by Radek Martinek.
1:04 of 1st period - Shot by Tim Gleason.
1:04 of 1st period - Shot Misses the Net.
1:06 of 1st period - Shot by Toni Lydman.
1:06 of 1st period - Shot Hit the Post.
1:08 of 1st period - Shot by Tim Gleason.
1:08 of 1st period - Stopped by Marty Turco with a rebound.
1:10 of 1st period - Shot by R.J. Umberger.
1:10 of 1st period - Stopped by Marty Turco with a rebound.
1:12 of 1st period - Shot by Rick Nash.
1:12 of 1st period - Shot Misses the Net.
1:50 of 1st period - Shot by Tomas Plekanec.
1:50 of 1st period - Shot Misses the Net.
1:54 of 1st period - Shot by Brent Seabrook.
1:54 of 1st period - Shot Misses the Net.
1:56 of 1st period - Shot by Brent Seabrook.
1:56 of 1st period - Stopped by Marty Turco with a rebound.
1:58 of 1st period - Shot by Brent Seabrook.
1:58 of 1st period - Shot Misses the Net.
2:09 of 1st period - Mike Modano is hit by Martin Havlat and loses puck.
3:05 of 1st period - Shot by Jason Arnott.
3:05 of 1st period - Shot Misses the Net.
3:12 of 1st period - Shot by Jason Arnott.
3:12 of 1st period - Stopped by Jaroslav Halak without a rebound.
3:13 of 1st period - R.J. Umberger wins face-off versus Vincent Lecavalier in Canadiens zone.
3:39 of 1st period - Shot by Patrick Sharp.
3:39 of 1st period - Shot Misses the Net.
4:12 of 1st period - Off-side.
4:13 of 1st period - Keith Tkachuk wins face-off versus Shawn Horcoff in neutral zone.
4:38 of 1st period - Shot by Ilya Kovalchuk.
4:38 of 1st period - Stopped by Marty Turco with a rebound.
4:40 of 1st period - Shot by Martin Havlat.
4:40 of 1st period - Stopped by Marty Turco with a rebound.
4:44 of 1st period - Shot by Ilya Kovalchuk.
4:44 of 1st period - Shot Misses the Net.
4:48 of 1st period - Shot by Ilya Kovalchuk.
4:48 of 1st period - Shot Misses the Net.
5:18 of 1st period - Shot by Rick Nash.
5:18 of 1st period - Stopped by Marty Turco with a rebound.
6:50 of 1st period - Shot by Ilya Kovalchuk.
6:50 of 1st period - Shot Misses the Net.
6:52 of 1st period - Shot by Ilya Kovalchuk.
6:52 of 1st period - Deflect By Shawn Horcoff.
6:52 of 1st period - Stopped by Marty Turco with a rebound.
7:09 of 1st period - Minor Penalty to Shawn Horcoff for Hooking.
7:10 of 1st period - Jason Arnott wins face-off versus Rick Nash in Canadiens zone.
7:11 of 1st period - Shot by Joffrey Lupul.
7:11 of 1st period - Stopped by Jaroslav Halak with a rebound.
7:13 of 1st period - Shot by Luke Schenn.
7:13 of 1st period - Shot Misses the Net.
7:15 of 1st period - Shot by Kyle Cumiskey.
7:15 of 1st period - Stopped by Jaroslav Halak without a rebound.
7:16 of 1st period - Rick Nash wins face-off versus Jason Arnott in Canadiens zone.
7:16 of 1st period - Rick Nash is hit by Jason Arnott.
8:07 of 1st period - Tim Gleason is hit by Keith Tkachuk and loses puck.
8:24 of 1st period - Ilya Kovalchuk is hit by Jordin Tootoo.
8:35 of 1st period - Off-side.
8:36 of 1st period - Jason Arnott wins face-off versus Rick Nash in neutral zone.
8:59 of 1st period - Shot by Jason Arnott.
8:59 of 1st period - Stopped by Jaroslav Halak with a rebound.
9:03 of 1st period - Shot by Jason Arnott.
9:03 of 1st period - Deflect By Joffrey Lupul.
9:03 of 1st period - Stopped by Jaroslav Halak without a rebound.
9:04 of 1st period - Tomas Plekanec wins face-off versus Vincent Lecavalier in Canadiens zone.
9:04 of 1st period - Tomas Plekanec is hit by Marian Hossa.
9:34 of 1st period - Shot by Patrick Marleau.
9:34 of 1st period - Stopped by Jaroslav Halak without a rebound.
9:34 of 1st period - Minor Penalty to John Erskine for Holding.
9:35 of 1st period - Tomas Plekanec wins face-off versus Jason Arnott in Canadiens zone.
9:35 of 1st period - Tomas Plekanec is hit by Joffrey Lupul.
10:16 of 1st period - Icing by Patrick Marleau.
10:17 of 1st period - Rick Nash wins face-off versus Vincent Lecavalier in MapleLeafs zone.
10:18 of 1st period - Shot by Ilya Kovalchuk.
10:18 of 1st period - Deflect By Rick Nash.
10:18 of 1st period - Stopped by Marty Turco with a rebound.
10:20 of 1st period - Shot by Ed Jovanovski.
10:20 of 1st period - Stopped by Marty Turco without a rebound.
10:21 of 1st period - Vincent Lecavalier wins face-off versus Rick Nash in MapleLeafs zone.
10:38 of 1st period - Shot by Patrick Marleau.
10:38 of 1st period - Stopped by Jaroslav Halak with a rebound.
13:33 of 1st period - Icing by Mike Modano.
13:34 of 1st period - Mike Modano wins face-off versus R.J. Umberger in MapleLeafs zone.
13:34 of 1st period - Mike Modano is hit by R.J. Umberger.
14:04 of 1st period - Minor Penalty to R.J. Umberger for Hooking.
14:05 of 1st period - Rick Nash wins face-off versus Sam Gagner in Canadiens zone.
14:53 of 1st period - Icing by Kyle Cumiskey.
14:54 of 1st period - Tomas Plekanec wins face-off versus Jason Arnott in MapleLeafs zone.
14:54 of 1st period - Patrick Sharp is hit by Drew Doughty and loses puck.
15:25 of 1st period - Shot by Vincent Lecavalier.
15:25 of 1st period - Stopped by Jaroslav Halak without a rebound.
15:26 of 1st period - Vincent Lecavalier wins face-off versus Martin Havlat in Canadiens zone.
15:52 of 1st period - Shot by Patrick Marleau.
15:52 of 1st period - Stopped by Jaroslav Halak without a rebound.
15:53 of 1st period - Tomas Plekanec wins face-off versus Jason Arnott in Canadiens zone.
16:19 of 1st period - Shawn Horcoff is hit by Matt Greene and loses puck.
16:31 of 1st period - Minor Penalty to Vernon Fiddler for Roughing.
16:32 of 1st period - Patrick Marleau wins face-off versus Tomas Plekanec in MapleLeafs zone.
16:53 of 1st period - Minor Penalty to Ed Jovanovski for Slashing.
16:54 of 1st period - Tomas Plekanec wins face-off versus Vincent Lecavalier in Canadiens zone.
16:58 of 1st period - Minor Penalty to Marian Hossa for High sticking.
16:59 of 1st period - Rick Nash wins face-off versus Vincent Lecavalier in MapleLeafs zone.
17:06 of 1st period - Shot by Rick Nash.
17:06 of 1st period - Goal by Rick Nash - Canadiens : 1 - MapleLeafs : 0.
17:07 of 1st period - Jason Arnott wins face-off versus Tomas Plekanec in neutral zone.
17:24 of 1st period - Shot by Joffrey Lupul.
17:24 of 1st period - Stopped by Jaroslav Halak with a rebound.
17:26 of 1st period - Shot by Joffrey Lupul.
17:26 of 1st period - Shot Misses the Net.
17:28 of 1st period - Shot by Jason Arnott.
17:28 of 1st period - Shot Misses the Net.
17:30 of 1st period - Shot by Kyle Cumiskey.
17:30 of 1st period - Shot Misses the Net.
17:45 of 1st period - Icing by Kyle Cumiskey.
17:46 of 1st period - Jason Arnott wins face-off versus Rick Nash in MapleLeafs zone.
17:51 of 1st period - Rick Nash is hit by Jason Arnott and loses puck.
18:30 of 1st period - Shot by Patrick Marleau.
18:30 of 1st period - Stopped by Jaroslav Halak with a rebound.
18:54 of 1st period - Shot by Ilya Kovalchuk.
18:54 of 1st period - Stopped by Marty Turco with a rebound.
18:56 of 1st period - Shot by Tomas Plekanec.
18:56 of 1st period - Shot Misses the Net.
19:06 of 1st period - Shot by Vernon Fiddler.
19:06 of 1st period - Shot Misses the Net.
19:10 of 1st period - Shot by Vernon Fiddler.
19:10 of 1st period - Stopped by Jaroslav Halak with a rebound.
19:52 of 1st period - Sam Gagner is hit by Francis Bouillon and loses puck.
19:55 of 1st period - Shot by Luke Schenn.
19:55 of 1st period - Shot Misses the Net.
19:59 of 1st period - Shot by Joffrey Lupul.
19:59 of 1st period - Shot Misses the Net.

Period #2

0:01 of 2nd period - Tomas Plekanec wins face-off versus Vincent Lecavalier in neutral zone.
0:06 of 2nd period - Shot by Rick Nash.
0:06 of 2nd period - Shot Misses the Net.
0:08 of 2nd period - Shot by Ed Jovanovski.
0:08 of 2nd period - Shot Misses the Net.
0:12 of 2nd period - Shot by Tomas Plekanec.
0:12 of 2nd period - Shot Misses the Net.
0:14 of 2nd period - Shot by Brent Seabrook.
0:14 of 2nd period - Stopped by Marty Turco without a rebound.
0:15 of 2nd period - Sam Gagner wins face-off versus R.J. Umberger in MapleLeafs zone.
1:13 of 2nd period - Minor Penalty to Patrick Marleau for Hooking.
1:13 of 2nd period - Minor Penalty to Tomas Plekanec for Tripping.
1:14 of 2nd period - Vincent Lecavalier wins face-off versus Rick Nash in neutral zone.
1:36 of 2nd period - Shot by Vincent Lecavalier.
1:36 of 2nd period - Stopped by Jaroslav Halak without a rebound.
1:37 of 2nd period - Rick Nash wins face-off versus Jason Arnott in Canadiens zone.
2:19 of 2nd period - Icing by Radek Martinek.
2:20 of 2nd period - Vincent Lecavalier wins face-off versus Ilya Kovalchuk in MapleLeafs zone.
2:25 of 2nd period - Ed Jovanovski is hit by Marian Hossa and loses puck.
3:25 of 2nd period - Minor Penalty to Tim Gleason for Boarding.
3:26 of 2nd period - Sam Gagner wins face-off versus Tomas Plekanec in Canadiens zone.
3:35 of 2nd period - Shot by Kyle Cumiskey.
3:35 of 2nd period - Shot Misses the Net.
4:49 of 2nd period - Shot by Patrick Marleau.
4:49 of 2nd period - Shot Blocked by Brent Seabrook.
5:17 of 2nd period - Shot by Dan Hamhuis.
5:17 of 2nd period - Shot Misses the Net.
5:19 of 2nd period - Shot by Dan Hamhuis.
5:19 of 2nd period - Stopped by Jaroslav Halak without a rebound.
5:20 of 2nd period - Tomas Plekanec wins face-off versus Jason Arnott in Canadiens zone.
5:37 of 2nd period - Shot by Vernon Fiddler.
5:37 of 2nd period - Shot Misses the Net.
5:40 of 2nd period - Icing by John Erskine.
5:41 of 2nd period - Shawn Horcoff wins face-off versus Mike Modano in Canadiens zone.
5:41 of 2nd period - Shawn Horcoff is hit by Keith Tkachuk.
5:47 of 2nd period - Shot by Ilya Kovalchuk.
5:47 of 2nd period - Stopped by Marty Turco without a rebound.
5:48 of 2nd period - Tomas Plekanec wins face-off versus Vernon Fiddler in MapleLeafs zone.
5:48 of 2nd period - Tomas Plekanec is hit by Matt Greene.
5:50 of 2nd period - Shot by Rick Nash.
5:50 of 2nd period - Stopped by Marty Turco without a rebound.
5:51 of 2nd period - R.J. Umberger wins face-off versus Vernon Fiddler in MapleLeafs zone.
6:14 of 2nd period - Shot by Jordin Tootoo.
6:14 of 2nd period - Stopped by Jaroslav Halak without a rebound.
6:15 of 2nd period - Tomas Plekanec wins face-off versus Vincent Lecavalier in Canadiens zone.
6:22 of 2nd period - Patrick Marleau is hit by Rick Nash and loses puck.
6:39 of 2nd period - Shot by Marian Hossa.
6:39 of 2nd period - Stopped by Jaroslav Halak without a rebound.
6:40 of 2nd period - Shawn Horcoff wins face-off versus Mike Modano in Canadiens zone.
6:49 of 2nd period - Shot by Ilya Kovalchuk.
6:49 of 2nd period - Shot Misses the Net.
7:07 of 2nd period - Shot by Ilya Kovalchuk.
7:07 of 2nd period - Stopped by Marty Turco with a rebound.
7:09 of 2nd period - Shot by Shawn Horcoff.
7:09 of 2nd period - Shot Misses the Net.
7:26 of 2nd period - Icing by Tom Gilbert.
7:27 of 2nd period - Shawn Horcoff wins face-off versus Patrick Marleau in Canadiens zone.
7:38 of 2nd period - Shot by Marian Hossa.
7:38 of 2nd period - Shot Misses the Net.
7:49 of 2nd period - Minor Penalty to John Erskine for Goalie Interference.
7:50 of 2nd period - Tomas Plekanec wins face-off versus Jason Arnott in Canadiens zone.
9:27 of 2nd period - Shot by Joffrey Lupul.
9:27 of 2nd period - Stopped by Jaroslav Halak without a rebound.
9:28 of 2nd period - Vincent Lecavalier wins face-off versus Rick Nash in Canadiens zone.
9:44 of 2nd period - Shot by Drew Doughty.
9:44 of 2nd period - Shot Misses the Net.
9:48 of 2nd period - Shot by Jordin Tootoo.
9:48 of 2nd period - Stopped by Jaroslav Halak without a rebound.
9:49 of 2nd period - Mike Modano wins face-off versus Shawn Horcoff in Canadiens zone.
10:41 of 2nd period - Shot by Jason Arnott.
10:41 of 2nd period - Shot Misses the Net.
10:43 of 2nd period - Shot by Matt Greene.
10:43 of 2nd period - Shot Misses the Net.
10:45 of 2nd period - Shot by Joffrey Lupul.
10:45 of 2nd period - Stopped by Jaroslav Halak without a rebound.
10:46 of 2nd period - Vincent Lecavalier wins face-off versus Tomas Plekanec in Canadiens zone.
11:15 of 2nd period - Shot by Patrick Marleau.
11:15 of 2nd period - Shot Misses the Net.
11:49 of 2nd period - Off-side.
11:50 of 2nd period - Mike Modano wins face-off versus Patrick Sharp in neutral zone.
12:01 of 2nd period - Shot by Jordin Tootoo.
12:01 of 2nd period - Deflect By Mike Modano.
12:01 of 2nd period - Shot Misses the Net.
12:03 of 2nd period - Shot by Radek Martinek.
12:03 of 2nd period - Deflect By Jordin Tootoo.
12:03 of 2nd period - Stopped by Jaroslav Halak without a rebound.
12:04 of 2nd period - Mike Modano wins face-off versus R.J. Umberger in Canadiens zone.
12:40 of 2nd period - Icing by Toni Lydman.
12:41 of 2nd period - R.J. Umberger wins face-off versus Jason Arnott in Canadiens zone.
13:40 of 2nd period - Tomas Plekanec is hit by Vernon Fiddler and loses puck.
13:59 of 2nd period - Rick Nash is hit by Jordin Tootoo and loses puck.
15:12 of 2nd period - Shot by Jason Arnott.
15:12 of 2nd period - Stopped by Jaroslav Halak with a rebound.
15:55 of 2nd period - Icing by Vincent Lecavalier.
15:56 of 2nd period - Shawn Horcoff wins face-off versus Vincent Lecavalier in MapleLeafs zone.
17:08 of 2nd period - Jason Arnott is hit by Toni Lydman and loses puck.
17:35 of 2nd period - Matt Greene is hit by R.J. Umberger.
17:53 of 2nd period - Icing by R.J. Umberger.
17:54 of 2nd period - R.J. Umberger wins face-off versus Vincent Lecavalier in Canadiens zone.
18:08 of 2nd period - Shot by Marian Hossa.
18:08 of 2nd period - Shot Misses the Net.
18:10 of 2nd period - Shot by Patrick Marleau.
18:10 of 2nd period - Shot Misses the Net.
18:12 of 2nd period - Shot by Patrick Marleau.
18:12 of 2nd period - Shot Misses the Net.
18:29 of 2nd period - Icing by Tim Gleason.
18:30 of 2nd period - Mike Modano wins face-off versus R.J. Umberger in Canadiens zone.
18:53 of 2nd period - Shot by Martin Havlat.
18:53 of 2nd period - Stopped by Marty Turco without a rebound.
18:54 of 2nd period - Ilya Kovalchuk wins face-off versus Jason Arnott in MapleLeafs zone.

Period #3

0:01 of 3rd period - Patrick Marleau wins face-off versus Tomas Plekanec in neutral zone.
0:20 of 3rd period - Minor Penalty to Dan Hamhuis for Roughing.
0:21 of 3rd period - Vernon Fiddler wins face-off versus R.J. Umberger in MapleLeafs zone.
0:21 of 3rd period - Vernon Fiddler is hit by Rick Nash.
0:39 of 3rd period - Shot by Tim Gleason.
0:39 of 3rd period - Deflect By Ilya Kovalchuk.
0:39 of 3rd period - Shot Misses the Net.
0:43 of 3rd period - Shot by Ilya Kovalchuk.
0:43 of 3rd period - Deflect By Rick Nash.
0:43 of 3rd period - Goal by Rick Nash - Canadiens : 2 - MapleLeafs : 0.
0:44 of 3rd period - Shawn Horcoff wins face-off versus Jason Arnott in neutral zone.
0:44 of 3rd period - Martin Havlat is hit by Sam Gagner and loses puck.
0:54 of 3rd period - Martin Havlat is hit by Matt Greene and loses puck.
1:00 of 3rd period - Ilya Kovalchuk is hit by Matt Greene and loses puck.
1:42 of 3rd period - Patrick Kane is hit by Matt Greene and loses puck.
2:12 of 3rd period - Minor Penalty to Matt Greene for Roughing.
2:13 of 3rd period - Vernon Fiddler wins face-off versus Tomas Plekanec in MapleLeafs zone.
2:56 of 3rd period - Patrick Marleau is hit by Rick Nash and loses puck.
4:02 of 3rd period - Shot by R.J. Umberger.
4:02 of 3rd period - Stopped by Marty Turco without a rebound.
4:03 of 3rd period - R.J. Umberger wins face-off versus Patrick Marleau in MapleLeafs zone.
4:03 of 3rd period - Ilya Kovalchuk is hit by Dan Hamhuis and loses puck.
4:12 of 3rd period - Shot by Ilya Kovalchuk.
4:12 of 3rd period - Stopped by Marty Turco without a rebound.
4:13 of 3rd period - Shawn Horcoff wins face-off versus Patrick Marleau in MapleLeafs zone.
4:18 of 3rd period - Shot by Martin Havlat.
4:18 of 3rd period - Stopped by Marty Turco without a rebound.
4:19 of 3rd period - Vincent Lecavalier wins face-off versus Shawn Horcoff in MapleLeafs zone.
4:19 of 3rd period - Vincent Lecavalier is hit by Shawn Horcoff.
4:56 of 3rd period - Minor Penalty to Joffrey Lupul for Goalie Interference.
4:57 of 3rd period - Tomas Plekanec wins face-off versus Vernon Fiddler in MapleLeafs zone.
5:55 of 3rd period - Shot by Tim Gleason.
5:55 of 3rd period - Shot Misses the Net.
5:57 of 3rd period - Shot by Rick Nash.
5:57 of 3rd period - Stopped by Marty Turco without a rebound.
5:58 of 3rd period - Patrick Marleau wins face-off versus R.J. Umberger in MapleLeafs zone.
7:06 of 3rd period - Icing by Kyle Cumiskey.
7:07 of 3rd period - Jason Arnott wins face-off versus Shawn Horcoff in MapleLeafs zone.
7:07 of 3rd period - Jason Arnott is hit by John Erskine.
7:23 of 3rd period - Shot by Shawn Horcoff.
7:23 of 3rd period - Stopped by Marty Turco with a rebound.
7:39 of 3rd period - Off-side.
7:40 of 3rd period - Vincent Lecavalier wins face-off versus Tomas Plekanec in neutral zone.
9:25 of 3rd period - Jordin Tootoo is hit by Patrick Sharp and loses puck.
10:40 of 3rd period - Shot by Ilya Kovalchuk.
10:40 of 3rd period - Stopped by Marty Turco with a rebound.
10:43 of 3rd period - Icing by Matt Greene.
10:44 of 3rd period - Jason Arnott wins face-off versus Shawn Horcoff in MapleLeafs zone.
11:04 of 3rd period - Icing by Tom Gilbert.
11:05 of 3rd period - Vernon Fiddler wins face-off versus Shawn Horcoff in Canadiens zone.
11:18 of 3rd period - Mike Grier is hit by John Erskine.
11:27 of 3rd period - Icing by Andreas Lilja.
11:28 of 3rd period - Tomas Plekanec wins face-off versus Vernon Fiddler in MapleLeafs zone.
11:57 of 3rd period - Shot by Tomas Plekanec.
11:57 of 3rd period - Shot Misses the Net.
12:12 of 3rd period - Icing by Radek Martinek.
12:13 of 3rd period - Mike Modano wins face-off versus R.J. Umberger in MapleLeafs zone.
12:37 of 3rd period - Icing by Radek Martinek.
12:38 of 3rd period - Mike Modano wins face-off versus Shawn Horcoff in MapleLeafs zone.
12:49 of 3rd period - Shot by Ilya Kovalchuk.
12:49 of 3rd period - Stopped by Marty Turco without a rebound.
12:50 of 3rd period - Vincent Lecavalier wins face-off versus Tomas Plekanec in MapleLeafs zone.
12:55 of 3rd period - Brent Seabrook is hit by Vincent Lecavalier and loses puck.
13:00 of 3rd period - Shot by Patrick Marleau.
13:00 of 3rd period - Shot Misses the Net.
13:04 of 3rd period - Shot by Vincent Lecavalier.
13:04 of 3rd period - Shot Blocked by Brent Seabrook.
13:06 of 3rd period - Shot by Dan Hamhuis.
13:06 of 3rd period - Goal by Dan Hamhuis - Canadiens : 2 - MapleLeafs : 1.
13:07 of 3rd period - Jason Arnott wins face-off versus Shawn Horcoff in neutral zone.
13:15 of 3rd period - Icing by Tom Gilbert.
13:16 of 3rd period - Shawn Horcoff wins face-off versus Vincent Lecavalier in Canadiens zone.
13:40 of 3rd period - Patrick Marleau is hit by John Erskine and loses puck.
14:08 of 3rd period - Minor Penalty to Maxime Talbot for Holding.
14:09 of 3rd period - Jason Arnott wins face-off versus Tomas Plekanec in Canadiens zone.
15:53 of 3rd period - Icing by Radek Martinek.
15:54 of 3rd period - Jason Arnott wins face-off versus Rick Nash in MapleLeafs zone.
16:32 of 3rd period - Minor Penalty to Toni Lydman for Holding Stick.
16:33 of 3rd period - Mike Modano wins face-off versus Rick Nash in Canadiens zone.
16:36 of 3rd period - Shot by Luke Schenn.
16:36 of 3rd period - Stopped by Jaroslav Halak without a rebound.
16:37 of 3rd period - Vincent Lecavalier wins face-off versus Rick Nash in Canadiens zone.
16:44 of 3rd period - Shot by Patrick Marleau.
16:44 of 3rd period - Shot Blocked by Brent Seabrook.
16:46 of 3rd period - Shot by Drew Doughty.
16:46 of 3rd period - Shot Misses the Net.
16:48 of 3rd period - Shot by Patrick Marleau.
16:48 of 3rd period - Goal by Patrick Marleau - Canadiens : 2 - MapleLeafs : 2.
16:49 of 3rd period - R.J. Umberger wins face-off versus Jordin Tootoo in neutral zone.
17:11 of 3rd period - Off-side.
17:12 of 3rd period - Jason Arnott wins face-off versus Tomas Plekanec in neutral zone.
17:27 of 3rd period - Shot by Joffrey Lupul.
17:27 of 3rd period - Shot Misses the Net.
17:29 of 3rd period - Shot by Joffrey Lupul.
17:29 of 3rd period - Deflect By Sam Gagner.
17:29 of 3rd period - Stopped by Jaroslav Halak without a rebound.
17:30 of 3rd period - Vincent Lecavalier wins face-off versus R.J. Umberger in Canadiens zone.
17:37 of 3rd period - Shot by Patrick Marleau.
17:37 of 3rd period - Shot Misses the Net.
17:48 of 3rd period - Icing by Vincent Lecavalier.
17:49 of 3rd period - Vincent Lecavalier wins face-off versus Tomas Plekanec in MapleLeafs zone.
18:05 of 3rd period - Icing by Brent Seabrook.
18:06 of 3rd period - Tomas Plekanec wins face-off versus Mike Modano in Canadiens zone.
19:42 of 3rd period - Icing by Tim Gleason.
19:43 of 3rd period - R.J. Umberger wins face-off versus Vincent Lecavalier in Canadiens zone.

Overtime #1

0:01 of 1st overtime period - Vincent Lecavalier wins face-off versus Rick Nash in neutral zone.
0:22 of 1st overtime period - Icing by Vincent Lecavalier.
0:23 of 1st overtime period - Tomas Plekanec wins face-off versus Vincent Lecavalier in MapleLeafs zone.
0:58 of 1st overtime period - Shot by Patrick Kane.
0:58 of 1st overtime period - Shot Misses the Net.
1:02 of 1st overtime period - Shot by Toni Lydman.
1:02 of 1st overtime period - Shot Misses the Net.
1:24 of 1st overtime period - Shot by Rick Nash.
1:24 of 1st overtime period - Shot Misses the Net.
1:34 of 1st overtime period - Shot by Jason Arnott.
1:34 of 1st overtime period - Stopped by Jaroslav Halak without a rebound.
1:35 of 1st overtime period - Jason Arnott wins face-off versus Rick Nash in Canadiens zone.
1:38 of 1st overtime period - Shot by Jason Arnott.
1:38 of 1st overtime period - Shot Blocked by Ed Jovanovski.
2:55 of 1st overtime period - Icing by Luke Schenn.
2:56 of 1st overtime period - Jason Arnott wins face-off versus Tomas Plekanec in MapleLeafs zone.
3:51 of 1st overtime period - Shot by Patrick Marleau.
3:51 of 1st overtime period - Stopped by Jaroslav Halak with a rebound.
4:19 of 1st overtime period - John Erskine beats up Patrick Marleau.
4:19 of 1st overtime period - Penalty to Patrick Marleau for Fighting.
4:19 of 1st overtime period - Penalty to John Erskine for Fighting.
4:20 of 1st overtime period - Vincent Lecavalier wins face-off versus Ilya Kovalchuk in Canadiens zone.
4:33 of 1st overtime period - Shot by Sam Gagner.
4:33 of 1st overtime period - Shot Misses the Net.
4:37 of 1st overtime period - Shot by Vincent Lecavalier.
4:37 of 1st overtime period - Deflect By Sam Gagner.
4:37 of 1st overtime period - Stopped by Jaroslav Halak with a rebound.
4:39 of 1st overtime period - Shot by Mike Modano.
4:39 of 1st overtime period - Shot Misses the Net.
4:41 of 1st overtime period - Shot by Vincent Lecavalier.
4:41 of 1st overtime period - Stopped by Jaroslav Halak without a rebound.
4:42 of 1st overtime period - Tomas Plekanec wins face-off versus Vincent Lecavalier in Canadiens zone.
4:49 of 1st overtime period - Shot by Tomas Plekanec.
4:49 of 1st overtime period - Deflect By Patrick Kane.
4:49 of 1st overtime period - Stopped by Marty Turco without a rebound.
4:50 of 1st overtime period - Tomas Plekanec wins face-off versus Vincent Lecavalier in MapleLeafs zone.

ShootOut

ShootOut - Penalty Shot by Rick Nash for Canadiens.
ShootOut - Shot Misses the Net.
ShootOut - Penalty Shot by Vincent Lecavalier for MapleLeafs.
ShootOut - Stopped by Jaroslav Halak.
ShootOut - Penalty Shot by Ilya Kovalchuk for Canadiens.
ShootOut - Stopped by Marty Turco.
ShootOut - Penalty Shot by Patrick Marleau for MapleLeafs.
ShootOut - Stopped by Jaroslav Halak.
ShootOut - Penalty Shot by Patrick Kane for Canadiens.
ShootOut - Stopped by Marty Turco.
ShootOut - Penalty Shot by Sam Gagner for MapleLeafs.
ShootOut - Shot Misses the Net.
ShootOut - Penalty Shot by Tomas Plekanec for Canadiens.
ShootOut - Stopped by Marty Turco.
ShootOut - Penalty Shot by Drew Doughty for MapleLeafs.
ShootOut - Stopped by Jaroslav Halak.
ShootOut - Penalty Shot by Martin Havlat for Canadiens.
ShootOut - Stopped by Marty Turco.
ShootOut - Penalty Shot by Marian Hossa for MapleLeafs.
ShootOut - Stopped by Jaroslav Halak.
ShootOut - Penalty Shot by Patrick Sharp for Canadiens.
ShootOut - Stopped by Marty Turco.
ShootOut - Penalty Shot by Jason Arnott for MapleLeafs.
ShootOut - Goal by Jason Arnott.


Output by the SimonT Hockey Simulator (STHS) for Stephane Roy -- Original Page W3C XHTML 1.0 Valid